 Dungeon Crawl Stone Soup version 0.22-a0-284-g99d1f74 (webtiles) character file.

16 galech the Covered (level 2, 0/24 HPs)
             Began as a Human Fighter on Mar 20, 2018.
             Succumbed to an adder's poison
             ... on level 1 of the Dungeon.
             The game lasted 00:01:01 (881 turns).

galech the Covered (Human Fighter)                   Turns: 881, Time: 00:01:02

Health: 0/24       AC:  6    Str: 16    XL:     2   Next: 75%
Magic:  2/2        EV:  7    Int:  8    God:
Gold:   72         SH:  8    Dex: 12    Spells: 1/1 levels left

rFire    . . .     SeeInvis .   a - +0 war axe
rCold    . . .     Gourm    .   c - +0 shield
rNeg     . . .     Faith    .   b - +0 scale mail
rPois    .         Spirit   .   (no helmet)
rElec    .         Reflect  .   (no cloak)
rCorr    .         Harm     .   (no gloves)
MR       .....                  (no boots)
Stlth    ..........             (no amulet)
HPRegen  0.08/turn              (no ring)
MPRegen  0.08/turn              (no ring)

@: lethally poisoned (0 -> -5)
A: no striking features
a: no special abilities


You were on level 1 of the Dungeon.
You were not hungry.

You visited 1 branch of the dungeon, and saw 2 of its levels.

You collected 72 gold pieces.

Inventory:

Hand Weapons
 a - a +0 war axe (weapon)
Armour
 b - a +0 scale mail (worn)
 c - a +0 shield (worn)
Scrolls
 e - a scroll of remove curse {unknown}
 g - a scroll of teleportation {unknown}
 h - 2 scrolls of magic mapping {unknown}
 j - a scroll of random uselessness {unknown}
Potions
 d - a potion of might
 i - a potion of curing {unknown}
 k - a potion of invisibility {unknown}
 l - a potion of lignification {unknown}
 m - a potion of heal wounds {unknown}
 n - 3 potions of agility {unknown}
Comestibles
 f - 2 rations


   Skills:
 + Level 3.1 Fighting
 + Level 2.2 Axes
 + Level 3.2 Armour
 + Level 0.6 Dodging
 + Level 3.1 Shields


You had one spell level left.
You didn't know any spells.

Dungeon Overview and Level Annotations

Branches:
Dungeon (2/15)

Altars:


Message History

You feel sick. You block the adder's attack.
You feel sick. The adder barely misses you.
You feel sick.
You are no longer poisoned.
The adder bites you but does no damage. The adder bites you.
* * * LOW HITPOINT WARNING * * *
You are poisoned.
The adder poisons you!
* * * LOW HITPOINT WARNING * * *
You feel sick. The adder bites you.
* * * LOW HITPOINT WARNING * * *
You are more poisoned.
The adder poisons you!
You miss the adder.
The adder is lightly wounded.
You die...

..............................#
..########....)...###.##..###.#
........................#.###.#
#..#######........###.#.#..##.#
.......# #.........##.#.##.##.#
##..##.# #.#######....#.##..#.#
.......# #.# ######.###.#.#
##########.# #########.# #...#
...........# #.@Ss...#.# ##..#
#########..# #.#####.#.# #..# #
#..# #.# #.#.####.># # ####..#
#.# #s#.......# ######.....#
#.# #.#######.#
....##.##.#####.# #.# #.#
###.##.#..).....# #.#######.#
#.##.#.######## #[..s.....#
#.##.#........# #.#########


You could see an adder and a giant cockroach.

Vanquished Creatures
  A leopard gecko (D:1)
  2 ball pythons (D:1)
  3 goblins (D:1)
  3 hobgoblins (D:1)
  A kobold (D:1)
  5 rats
15 creatures vanquished.

Notes
Turn   | Place    | Note
-------+----------+-------------------------------------------
     0 | D:1      | galech the Human Fighter began the quest for the Orb.
     0 | D:1      | Reached XP level 1. HP: 18/18 MP: 1/1
   124 | D:1      | Reached XP level 2. HP: 21/24 MP: 2/2
   880 | D:1      | HP: 1/24 [adder (2)]
   881 | D:1      | Succumbed to an adder's poison

Vault maps used:
D:1:      lightli_arrival_noodles, serial_curves, eino_curves_03,
          eino_curves_01, grunt_decor_cap

Action                   || total
-------------------------++-------
Melee: War axe           ||    44
Armor: Scale mail        ||    23
Dodge: Dodged            ||    11
Block: Shield            ||    30

Table legend:
 A = Spawn XP
 B = Non-spawn XP
 C = Spawn XP percentage of total XP
 D = Spawn monster count
 E = Non-spawn monster count
 F = Spawn count percentage of total count
 G = Total turns spent on level
                    A         B        C        D         E        F      G
               +---------+---------+-------+---------+---------+-------+---------
         Total |       0 |      24 |   0.0 |       0 |      15 |   0.0 |   881
               +---------+---------+-------+---------+---------+-------+---------
           D:1 |       0 |      22 |   0.0 |       0 |      13 |   0.0 |   842
           D:2 |       0 |       2 |   0.0 |       0 |       2 |   0.0 |    39
               +---------+---------+-------+---------+---------+-------+---------
